 Dungeon Crawl Stone Soup version 0.21-a0-442-g848f44b (console) character file.

2130 zero the Cleaver (level 9, -2/79 HPs)
             Began as a Minotaur Berserker on Nov 14, 2017.
             Was a High Priest of Trog.
             Slain by a purple ugly thing (6 damage)
             ... on level 6 of the Dungeon.
             The game lasted 00:05:21 (5654 turns).

zero the Cleaver (Minotaur Berserker)               Turns: 5654, Time: 00:05:21

Health: -2/79      AC: 13    Str: 25    XL:     9   Next: 8%
Magic:  8/8        EV:  8    Int:  4    God:    Trog [*****.]
Gold:   162        SH:  0    Dex: 10    Spells: 8/8 levels left

rFire    . . .     SeeInvis .   Y - +2 hand axe (flame)
rCold    . . .     Gourm    .   (no shield)
rNeg     . . .     Faith    .   o - +0 plate armour
rPois    .         Spirit   .   (helmet restricted)
rElec    .         Reflect  .   (no cloak)
rCorr    .         Harm     .   v - +0 pair of gloves
MR       .....                  (no boots)
Stlth    ..........             (no amulet)
HPRegen  0.23/turn              (no ring)
MPRegen  0.11/turn              (no ring)

@: berserk cooldown, slowed, very slow
A: retaliatory headbutt, horns 2
a: Berserk, Trog's Hand, Brothers in Arms, Burn Spellbooks, Renounce Religion


You were on level 6 of the Dungeon.
You worshipped Trog.
Trog was extremely pleased with you.
You were hungry.

You visited 1 branch of the dungeon, and saw 6 of its levels.

You collected 318 gold pieces.
You spent 156 gold pieces at shops.


Innate Abilities, Weirdness & Mutations

You reflexively headbutt those who attack you in melee.
You have a pair of horns on your head.


   Skills:
 - Level 7.4 Fighting
 - Level 12.0 Axes
 + Level 5.7 Armour
 - Level 2.1 Dodging


You had 8 spell levels left.
You didn't know any spells.

Inventory:

Hand Weapons
 Y - a +2 hand axe of flaming (weapon)
Missiles
 j - 19 tomahawks (quivered)
Armour
 o - a +0 plate armour (worn)
 v - a +0 pair of gloves (worn)
Scrolls
 a - 2 scrolls of teleportation
 d - 3 scrolls of identify
 g - 3 scrolls of remove curse
 h - a scroll of recharging
 r - a scroll of enchant weapon {unknown}
Potions
 b - a potion of heal wounds
 i - 2 potions of haste
 k - 2 potions of curing
 m - a potion of brilliance {unknown}
 n - a potion of mutation {unknown}
 p - 2 potions of degeneration {unknown}
 q - a potion of might {unknown}
Comestibles
 c - 5 bread rations
 e - a royal jelly
 f - 2 chunks of flesh
 l - 2 meat rations

Dungeon Overview and Level Annotations

Branches:
Dungeon (6/15)
 Temple: D:4-7

Altars:
Elyvilon
Nemelex Xobeh
The Shining One

Shops:
D:4 %   D:5 (%}   D:6 ?


Message History

Trog says: Kill them all!
Press ? for a list of commands and other information.
Existing waypoints: (1) D:5 (2) D:6 Assign waypoint to what number? (0-9, D - delete waypoint) Waypoint 2 re-assigned to your current position.
Enter note:
Enter note:
Enter note:
Enter note:
Enter note:
Enter note:
Enter note:
Enter note:
Enter note:
5654 ||| DRINKING 2 potions of heal wounds.
You feel much better. The ogre hits you with a giant club!!
The orc priest invokes the aid of Beogh against you.
Beogh smites you! The purple ugly thing stings you.
You die...

#########
####[#.......##
#.>..#........#
####.####........
#.............#
##.##.###...[..#
...##.##....))%##
#####.#..#####(.##
# ##.#.# ##..#
###..... ###(###
.#...### #..@O.#
(..#.# #...uo?...#
.....###
#.)....(....#
.#......
#...~~~~~...#
..^##.#
#......oo.....#
#...#.#
#...../Z[.....#
##....#
#(.....[.....)#
##.#..#
#.....?~[.....#
<.....# .....##
..##.#


You could see a purple ugly thing, an ogre, 2 orc priests, an orc and a howler
monkey skeleton.

Vanquished Creatures
  An ice beast (D:6)
  3 ogres
  5 centaurs
  3 big kobolds (D:3)
  A gnoll sergeant (D:4)
  A scorpion (D:5)
  An electric eel (D:6)
  A jelly (D:5)
  A bullfrog skeleton (D:6)
  3 hounds
  3 orc priests
  5 orc wizards
  A gnoll shaman (D:4)
  An iguana (D:3)
  7 worker ants
  A hound skeleton (D:6)
  14 gnolls
  13 adders
  3 oozes
  2 adder skeletons
  3 worms
  2 dart slugs
  6 leopard geckos
  24 orcs
  A ball python (D:5)
  3 giant cockroaches
  7 goblins
  14 hobgoblins
  10 jackals
  42 kobolds
  2 quokkas
  6 bats
  5 frilled lizards
  9 rats
204 creatures vanquished.

Notes
Turn   | Place    | Note
-------+----------+-------------------------------------------
     0 | D:1      | zero the Minotaur Berserker began the quest for the Orb.
     0 | D:1      | Reached XP level 1. HP: 19/19 MP: 0/0
     0 | D:1      | 0 ||| counter = 2
    42 | D:1      | Reached skill level 4 in Axes
   240 | D:1      | Reached XP level 2. HP: 26/26 MP: 1/1
   769 | D:1      | Reached skill level 5 in Axes
   943 | D:1      | 943 ||| UPGRADING to leather armour.
   953 | D:1      | 953 ||| DROPPING +0 animal skin.
   954 | D:1      | 954 ||| UPGRADING to ring mail.
   964 | D:1      | 964 ||| DROPPING +0 leather armour.
   965 | D:1      | 965 ||| READING scroll labeled EGHUNUY PATE.
   966 | D:1      | 966 ||| READING scroll labeled QECU PUSENOEGY.
   967 | D:1      | 967 ||| DRINKING 3 coppery potions.
   996 | D:2      | 996 ||| STAIRDANCE
  1006 | D:2      | 1006 ||| STAIRDANCE
  1010 | D:1      | Reached XP level 3. HP: 26/31 MP: 2/2
  1034 | D:2      | 1034 ||| DROPPING club.
  1112 | D:2      | 1112 ||| INVOKING Berserk.
  1113 | D:2      | Reached ** piety under Trog
  1281 | D:2      | 1281 ||| INVOKING Berserk.
  1530 | D:2      | Reached skill level 6 in Axes
  1530 | D:2      | Reached XP level 4. HP: 25/39 MP: 3/3
  1961 | D:2      | 1961 ||| READING scroll labeled FOTAMU BOWI.
  1962 | D:2      | 1962 ||| READING scroll labeled MOIXZAE HIFFO.
  1963 | D:2      | 1963 ||| DRINKING 2 fizzy black potions.
  1964 | D:2      | 1964 ||| DRINKING 3 grey potions.
  1965 | D:2      | 1965 ||| DRINKING 3 metallic ruby potions.
  2003 | D:2      | 2003 ||| DROPPING 2 potions of cancellation.
  2004 | D:2      | 2004 ||| DROPPING 2 potions of lignification.
  2045 | D:3      | 2045 ||| STAIRDANCE
  2127 | D:3      | 2127 ||| INVOKING Berserk.
  2130 | D:3      | Reached XP level 5. HP: 45/45 MP: 4/4
  2130 | D:3      | Reached skill level 7 in Axes
  2251 | D:3      | 2251 ||| Stepping ~*~*~tactically~*~*~ (water).
  2253 | D:3      | 2253 ||| Stepping ~*~*~tactically~*~*~ (water).
  2564 | D:3      | 2564 ||| INVOKING Berserk.
  2571 | D:3      | Reached *** piety under Trog
  2571 | D:3      | Reached XP level 6. HP: 52/52 MP: 5/5
  2573 | D:3      | Reached skill level 8 in Axes
  2686 | D:3      | Reached skill level 9 in Axes
  2698 | D:3      | 2698 ||| INVOKING Berserk.
  2845 | D:3      | 2845 ||| DROPPING whip.
  2846 | D:3      | 2846 ||| DROPPING flail.
  3002 | D:3      | Found a white marble altar of Elyvilon.
  3244 | D:3      | Reached **** piety under Trog
  3278 | D:3      | Reached XP level 7. HP: 60/61 MP: 6/6
  3433 | D:3      | 3433 ||| UPGRADING to plate armour.
  3443 | D:3      | 3443 ||| DROPPING +0 ring mail.
  3444 | D:3      | 3444 ||| READING scroll labeled BILIEG SIMNO.
  3520 | D:4      | Reached skill level 3 in Armour
  3554 | D:4      | 3554 ||| UPGRADING to flail of protection.
  3555 | D:4      | 3555 ||| SWAPPING to +0 hand axe.
  3629 | D:4      | Found Cerepucw's Food Shop.
  3729 | D:4      | 3729 ||| INVOKING Berserk.
  3747 | D:4      | 3747 ||| INVOKING Berserk.
  3747 | D:4      | 3747 ||| INVOKING Berserk.
  3748 | D:4      | 3748 ||| INVOKING Berserk.
  3749 | D:4      | 3749 ||| INVOKING Berserk.
  3751 | D:4      | 3751 ||| INVOKING Berserk.
  3752 | D:4      | 3752 ||| INVOKING Berserk.
  3753 | D:4      | 3753 ||| INVOKING Berserk.
  3754 | D:4      | 3754 ||| INVOKING Berserk.
  4010 | D:4      | 4010 ||| INVOKING Berserk.
  4027 | D:4      | 4027 ||| EATING 2 fruits.
  4048 | D:4      | 4048 ||| SWAPPING to hand axe of flaming.
  4054 | D:4      | 4054 ||| DROPPING +0 flail of protection.
  4055 | D:4      | 4055 ||| DROPPING +0 hand axe.
  4246 | D:4      | Reached skill level 10 in Axes
  4356 | D:4      | 4356 ||| UPGRADING to pair of gloves.
  4361 | D:4      | 4361 ||| UPGRADING to gilded ring.
  4362 | D:4      | 4362 ||| REMOVING ring of stealth.
  4363 | D:4      | 4363 ||| DROPPING ring of stealth.
  4364 | D:4      | 4364 ||| READING scroll labeled REIWNO LEPT.
  4369 | D:4      | 4369 ||| READING scroll labeled FOULLO QULALU.
  4370 | D:4      | 4370 ||| DRINKING 3 green potions.
  4371 | D:4      | 4371 ||| READING 2 scrolls of identify.
  4371 | D:4      | 4371 ||| IDENTIFYING yellow potion
  4372 | D:4      | 4372 ||| DROPPING potion of flight.
  4416 | D:5      | Entered Level 5 of the Dungeon
  4476 | D:5      | Found Roczesea's Gadget Shop.
  4483 | D:5      | 4483 ||| SHOPLISTING wand of digging (7/24) (308 gold, have 265).
  4483 | D:5      | 4483 ||| SHOPLISTING wand of digging (10/24) (392 gold, have 265).
  4522 | D:5      | Reached skill level 6 in Fighting
  4539 | D:5      | Found Xijag's Food Boutique.
  4552 | D:5      | Found Qiannoge's Antique Weapon Shop.
  4573 | D:5      | Reached XP level 8. HP: 70/70 MP: 7/7
  4674 | D:5      | 4674 ||| INVOKING Berserk.
  4770 | D:5      | Reached ***** piety under Trog
  4777 | D:5      | 4777 ||| INVOKING Berserk.
  4811 | D:5      | 4811 ||| INVOKING Berserk.
  4812 | D:5      | 4812 ||| INVOKING Berserk.
  4813 | D:5      | 4813 ||| INVOKING Berserk.
  4814 | D:5      | 4814 ||| INVOKING Berserk.
  4814 | D:5      | Reached skill level 11 in Axes
  4943 | D:5      | 4943 ||| INVOKING Berserk.
  5015 | D:5      | 5015 ||| EATING fruit.
  5212 | D:5      | Found a sparkling altar of Nemelex Xobeh.
  5216 | D:5      | 5216 ||| INVOKING Berserk.
  5218 | D:5      | 5218 ||| EATING 3 royal jellies.
  5379 | D:5      | Found a glowing golden altar of the Shining One.
  5461 | D:6      | Found Laar's Magic Scroll Boutique.
  5462 | D:6      | 5462 ||| INVOKING Berserk.
  5501 | D:6      | Bought a scroll of identify for 24 gold pieces
  5501 | D:6      | Bought a scroll of teleportation for 36 gold pieces
  5501 | D:6      | Bought a scroll of remove curse for 36 gold pieces
  5501 | D:6      | Bought a scroll of teleportation for 36 gold pieces
  5501 | D:6      | Bought a scroll of identify for 24 gold pieces
  5534 | D:6      | 5534 ||| INVOKING Berserk.
  5554 | D:6      | 5554 ||| EATING 2 royal jellies.
  5629 | D:6      | 5629 ||| INVOKING Berserk.
  5639 | D:6      | Noticed a purple ugly thing
  5644 | D:6      | Received a gift from Trog
  5644 | D:6      | Reached skill level 12 in Axes
  5644 | D:6      | Reached XP level 9. HP: 79/79 MP: 8/8
  5648 | D:6      | 5648 ||| INVOKING Berserk.
  5649 | D:6      | 5649 ||| INVOKING Berserk.
  5650 | D:6      | 5650 ||| INVOKING Berserk.
  5651 | D:6      | 5651 ||| INVOKING Berserk.
  5652 | D:6      | 5652 ||| INVOKING Berserk.
  5653 | D:6      | 5653 ||| INVOKING Berserk.
  5653 | D:6      | HP: 14/79 [orc priest/divine providence (11)]
  5654 | D:6      | 5654 ||| DRINKING 2 potions of heal wounds.
  5654 | D:6      | HP: 4/79 [orc priest/divine providence (10)]
  5654 | D:6      | Slain by a purple ugly thing

Vault maps used:
D:1:      onia_arrival_handbag
D:3:      minmay_goblin_kobold_castle, elyvilon_altar_4
D:4:      serial_shops, nicolae_shop_window_shopping, first_bread,
          grunt_decor_fettered
D:5:      tso_oasis_becter, serial_shops, shop, shop, shop,
          nemelex_dance_club_becter
D:6:      minmay_temple_entry_glassed_door, serial_shops,
          nicolae_shop_waterfront, kennysheep_mini, nicolae_shop_stone,
          kennysheep_little_box, nicolae_shop_competitors_out_of_business,
          serial_bayou_pond_c, grunt_potential

Skill      XL: |  1  2  3  4  5  6  7  8 |
---------------+-------------------------+-----
Axes           | 4 5 6 7 9 10 12 | 12.0
Fighting       | 4 5 6 7 |  7.4
Armour         | 4 5 |  5.7
Dodging        | |  2.1

Action                   |  1- 3 |  4- 6 |  7- 9 || total
-------------------------+-------+-------+-------++-------
Melee: Hand axe          |   111 |   172 |   188 ||   471
       Headbutt          |    11 |    23 |    41 ||    75
Throw: Tomahawk          |     5 |    31 |    45 ||    81
Invok: Berserk           |     2 |     3 |     9 ||    14
  Use: Scroll            |     2 |     2 |     4 ||     8
       Potion            |     1 |     3 |     2 ||     6
  Eat: Chunk             |     4 |     8 |    10 ||    22
       Fruit             |       |       |     2 ||     2
       Royal jelly       |       |       |     2 ||     2
Armor: Animal skin       |     7 |       |       ||     7
       Ring mail         |    17 |    50 |       ||    67
       Plate armour      |       |       |    90 ||    90
Dodge: Dodged            |    52 |    81 |    41 ||   174
